 Dungeon Crawl Stone Soup version 0.23-a0-481-g60b89c1 (webtiles) character file.

60 theanonym the Skirmisher (level 3, 0/28 HPs)
             Began as a Mummy Warper on Nov 29, 2018.
             Slain by Natasha (6 damage)
             ... on level 2 of the Dungeon.
             The game lasted 00:01:18 (1456 turns).

theanonym the Skirmisher (Mummy Warper)             Turns: 1456, Time: 00:01:19

Health: 0/28       AC:  8    Str: 15    XL:     3   Next: 80%
Magic:  7/7        EV:  6    Int: 12    God:
Gold:   44         SH:  0    Dex: 11    Spells: 7/7 levels left

rFire    x . .     SeeInvis .   a - +0 hand axe
rCold    + . .     Gourm    .   (no shield)
rNeg     + + +     Faith    .   f - +0 chain mail
rPois    ∞         Spirit   .   (no helmet)
rElec    .         Reflect  .   (no cloak)
rCorr    .         Harm     .   (no gloves)
MR       .....                  (no boots)
Stlth    ..........             (no amulet)
HPRegen  0.09/turn              (no ring)
MPRegen  0.10/turn              (no ring)

@: no status effects
A: no food or potions, fire vulnerability, cold resistance 1, negative energy
resistance 3, torment resistance, unbreathing
a: no special abilities


Innate Abilities, Weirdness & Mutations

You do not eat or drink.
Your flesh is vulnerable to fire.
You are immune to poison.
Your flesh is cold resistant. (rC+)
You are immune to negative energy. (rN+++)
You are immune to unholy pain and torment.
You can survive without breathing.


   Skills:
 + Level 2.9 Fighting
 * Level 2.9 Axes
 - Level 0.7 Throwing
 - Level 0.7 Armour
 - Level 1.5 Dodging
 - Level 2.6 Spellcasting
   Level 2.4 Translocations


You had 7 spell levels left.
You didn't know any spells.
Your spell library contained the following spells:

 Spells                   Type           Power        Failure   Level  Hunger
 Blink                    Tloc           N/A          98%         2    N/A
 Shroud of Golubria       Chrm/Tloc      #.........   99%         2    N/A
 Gell's Gravitas          Tloc           #.........   100%        3    N/A
 Lesser Beckoning         Tloc           #.........   100%        3    N/A
 Teleport Other           Tloc           #.......     100%        3    N/A
 Passage of Golubria      Tloc           N/A          100%        4    N/A

Skill      XL: |  1 |
---------------+----+-----
Axes           | 2 |  2.9
Fighting       | |  2.9
Throwing       | |  0.7
Armour         | |  0.7
Dodging        | |  1.5
Spellcasting   | |  2.6
Translocations | |  2.4

Action                   || total
-------------------------++-------
Melee: Hand axe          ||   113
Throw: Tomahawk          ||     1
Armor: Leather armour    ||     7
       Ring mail         ||    19
       Chain mail        ||    34
Dodge: Dodged            ||    50

Inventory:

Hand Weapons
 a - a +0 hand axe (weapon)
Missiles
 e - 4 tomahawks of dispersal (quivered)
Armour
 b - a +0 leather armour
 d - a +0 ring mail
   (You found it on level 1 of the Dungeon)
 f - a +0 chain mail (worn)
   (You found it on level 1 of the Dungeon)
Scrolls
 c - a scroll of remove curse {unknown}
 g - a scroll of enchant weapon {unknown}
 B - a scroll of blinking


You were on level 2 of the Dungeon.
You were not hungry.

You visited 1 branch of the dungeon, and saw 2 of its levels.

You collected 44 gold pieces.

Dungeon Overview and Level Annotations

Branches:
Dungeon (2/15)

Altars:

Annotations:
D:2 Natasha

.............#
###########
...........#.#
#########
#######.##.#.#
#........ #.##...#
#........ #.###..#
#........ #.##...#
#........
#.##.#.###........
..........h)...>...
......#.###@.......
......#.# #........
......#.. #........
......#.. #........
.... #.. #####.###
.... .... .# 8. #


You could see Natasha.

Notes
Turn   | Place    | Note
-------+----------+-------------------------------------------
     0 | D:1      | theanonym the Mummy Warper began the quest for the Orb.
     0 | D:1      | Reached XP level 1. HP: 16/16 MP: 4/4
    89 | D:1      | HP: 8/16 [kobold (3)]
   281 | D:1      | Reached skill level 2 in Axes
   363 | D:1      | Reached XP level 2. HP: 17/22 MP: 5/5
   533 | D:1      | HP: 11/22 [leopard gecko (1)]
   538 | D:1      | HP: 8/22 [leopard gecko (3)]
   541 | D:1      | HP: 3/22 [leopard gecko (2)]
   543 | D:1      | HP: 1/22 [leopard gecko (1)]
  1402 | D:2      | Reached XP level 3. HP: 27/28 MP: 7/7
  1425 | D:2      | Noticed Natasha
  1436 | D:2      | Killed Natasha
  1442 | D:2      | Noticed Natasha
  1452 | D:2      | HP: 14/28 [Natasha (3)]
  1454 | D:2      | HP: 6/28 [Natasha (6)]
  1456 | D:2      | Slain by Natasha

Vanquished Creatures
  Natasha (D:2)
  An adder (D:2)
  A leopard gecko (D:1)
  2 giant cockroaches
  2 hobgoblins
  5 kobolds
  3 bats (D:1)
  4 frilled lizards (D:1)
  2 goblins
  5 rats
26 creatures vanquished.

Table legend:
 A = Turns spent in this place as a percentage of turns spent in the entire game.
 B = Non-inter-level travel turns spent in this place as a percentage of non-inter-level travel turns spent in the entire game.
 C = Inter-level travel turns spent in this place as a percentage of turns spent in this place.
 D = Turns resting spent in this place as a percentage of non-inter-level travel turns spent in this place.
 E = Turns spent auto-exploring this place as a percentage of non-inter-level travel turns spent in this place.
 F = Non-inter-level travel turns spent in this place divided by the number of levels of this place that you've seen.
                   A       B       C       D       E      F
               +-------+-------+-------+-------+-------+----------------------
         Total | 100.0 | 100.0 |   1.1 |  34.7 |  50.4 | 720.0
       Dungeon | 100.0 | 100.0 |   1.1 |  34.7 |  50.4 | 720.0
               +-------+-------+-------+-------+-------+----------------------
